 Dungeon Crawl Stone Soup version 0.30-a0-364-gf6b3ef1049 (webtiles) character file.

Game seed: 3222657055431658355

102 Ijustatesigmund the Firebug (level 4, 0/25 HPs)
             Began as a Deep Elf Fire Elementalist on Nov 14, 2022.
             Slain by rayg00n's ghost (7 damage)
             ... on level 3 of the Dungeon.
             The game lasted 00:03:59 (3064 turns).

Ijustatesigmund the Firebug (DEFE)                  Turns: 3064, Time: 00:04:00

Health: 0/25       AC:  2    Str:  5    XL:     4   Next: 50%
Magic:  12/12      EV: 12    Int: 22    God:
Gold:   190        SH:  0    Dex: 15    Spells: 8/11 levels left

rFire   . . .      SeeInvis .    f - +4 short sword
rCold   . . .      Faith    .    (no shield)
rNeg    . . .      Spirit   .    a - +0 robe
rPois   .          Reflect  .    (no helmet)
rElec   .          Harm     .    (no cloak)
rCorr   .          Rampage  .    (no gloves)
Will    .....                    (no boots)
Stlth   ++........               (no amulet)
HPRegen 0.24/turn                (no ring)
MPRegen 0.13/turn                (no ring)

@: no status effects
A: no striking features
a: no special abilities


You were on level 3 of the Dungeon.
You visited 1 branch of the dungeon, and saw 3 of its levels.

You collected 190 gold pieces.

Inventory:

Hand Weapons
 f - a +4 short sword (weapon)
 g - a +2 vampiric dagger
Missiles
 l - 3 javelins
 n - 2 poisoned darts
Armour
 a - a +0 robe (worn)
Potions
 b - a potion of magic
 c - 5 potions of attraction
 d - a potion of mutation
 e - a potion of berserk rage {unknown}
 h - 2 potions of curing
 i - a potion of resistance {unknown}
 j - 2 potions of cancellation {unknown}
 k - a potion of haste {unknown}
 m - a potion of degeneration {unknown}


   Skills:
 - Level 1.3 Fighting
 + Level 0.3 Short Blades
 - Level 2.4 Dodging
 - Level 2.4 Stealth
 + Level 4.1 Spellcasting
 + Level 2.4 Conjurations
 + Level 4.1 Fire Magic


You had 8 spell levels left.
You knew the following spells:

 Your Spells              Type           Power      Damage    Failure   Level
a - Foxfire               Conj/Fire      76%        2x1d7     3%          1
b - Scorch                Fire           44%        2d7       3%          2

Your spell library contained the following spells:

 Spells                   Type           Power      Damage    Failure   Level
 Sandblast                Erth           8%         2d5       11%         1
 Inner Flame              Hex/Fire       13%        N/A       14%         3
 Passwall                 Tmut/Erth      3%         N/A       17%         2
 Kindle Blastsparks       Fire/Tloc/Air  20%        2d11      19%         3
 Stone Arrow              Conj/Erth      18%        3d8       21%         3
 Flame Wave               Conj/Fire      19%        2d7       28%         4


Dungeon Overview and Level Annotations

Branches:
Dungeon (3/15)

Altars:

Annotations:
D:3 rayg00n's ghost, weakling AtRe


Message History

The kobold throws a poisoned dart.
The poisoned dart hits you!
You are poisoned.
The kobold attacks as you move away! The kobold closely misses you.
You feel very sick.
You feel sick.
You feel sick.
You aren't carrying any scrolls.
Unknown command.
Unknown command.
You feel sick.
You feel sick.
You feel sick.
You feel sick.
You feel sick.
You are no longer poisoned.
The kobold brigand throws a poisoned dart.
The poisoned dart hits you.
You are poisoned.
Rayg00n's ghost attacks as you move away!
Rayg00n's ghost misses you.
You feel sick.
It was a potion of curing.
You feel better. Rayg00n's ghost hits you!
Rayg00n's ghost attacks as you move away!
Rayg00n's ghost closely misses you.
There is an open door here.
Rayg00n's ghost attacks as you move away!
Rayg00n's ghost closely misses you.
Rayg00n's ghost attacks as you move away!
Rayg00n's ghost hits you.
There is an open door here.
Rayg00n's ghost attacks as you move away!
Rayg00n's ghost hits you but does no damage.
You see here 5 stones.
Rayg00n's ghost attacks as you move away!
Rayg00n's ghost closely misses you.
Rayg00n's ghost attacks as you move away!
Rayg00n's ghost hits you.
* * * LOW HITPOINT WARNING * * *
Rayg00n's ghost attacks as you move away!
Rayg00n's ghost hits you!
You die...

###########.# #....<....#########
# #.#######.#.......# ## # #.#
##.#.#####.# #. ###.######..รท.#
#.### #. #.......#.....# #...# #.
###.##.#......# #.#.# #.
.##.###.###(#K#####.#.# ##
.##.........#..W@..<#.#
###########K#########.# ##K## #.#
##K..## #.# ### ##.....## #.#
#.## ##K......## ##.##
...####K...)....####...##########
..KK..K.........'................
...####.........####...##########


You could see a kobold brigand and rayg00n's ghost.

Vanquished Creatures
  Terence (D:2)
  3 adders
  A worm (D:2)
  2 orcs (D:3)
  5 ball pythons
  6 endoplasms
  A giant cockroach (D:1)
  3 goblins (D:1)
  3 hobgoblins
  7 kobolds
  A quokka (D:1)
  5 bats
  3 frilled lizards
  4 rats
45 creatures vanquished.

Vanquished Creatures (others)
  A ghoul (D:1)
  2 draconians (D:1)
  A vine stalker (D:1)
  A merfolk (D:1)
  A troll (D:1)
  A spriggan (D:1)
  A demigod (D:1)
  A tengu (D:1)
  A felid (D:1)
  A mummy (D:1)
  A gnoll (D:1)
  3 orcs (D:1)
  114 foxfires
  2 fungi (D:3)
  3 plants
  5 tentacles (D:1)
  3 withered plants (D:1)
142 creatures vanquished.

Grand Total: 187 creatures vanquished

Notes
Turn   | Place    | Note
-------+----------+-------------------------------------------
     0 | D:1      | Ijustatesigmund the Deep Elf Fire Elementalist began the
                  | quest for the Orb.
     0 | D:1      | Reached XP level 1. HP: 10/10 MP: 6/6
     3 | D:1      | Killed a troll
     6 | D:1      | Noticed a vine stalker
     6 | D:1      | Noticed a spriggan
     6 | D:1      | Noticed a draconian
     6 | D:1      | Noticed a draconian
     6 | D:1      | Noticed a ghoul
     6 | D:1      | Noticed a kraken
     6 | D:1      | Noticed a tengu
     6 | D:1      | Noticed a demigod
     6 | D:1      | Noticed a felid
     6 | D:1      | Noticed a merfolk
     8 | D:1      | Killed a tengu
    13 | D:1      | Killed a ghoul
    13 | D:1      | Killed a vine stalker
    16 | D:1      | Killed a demigod
    18 | D:1      | Killed a merfolk
    19 | D:1      | Killed a felid
    20 | D:1      | Killed a spriggan
    22 | D:1      | Killed a draconian
    23 | D:1      | Killed a draconian
   101 | D:1      | You fall into a shaft and drop 1 floor!
   174 | D:1      | Reached XP level 2. HP: 16/16 MP: 4/8
   177 | D:1      | Learned a level 2 spell: Scorch
   612 | D:1      | Found a faded altar of an unknown god.
  1173 | D:2      | Reached skill level 1 in Fighting
  1173 | D:2      | Reached XP level 3. HP: 20/20 MP: 7/10
  1808 | D:2      | Noticed Terence
  1815 | D:2      | Killed Terence
  1816 | D:2      | Reached XP level 4. HP: 15/25 MP: 2/11
  2800 | D:3      | Found a runed translucent gate.
  2803 | D:3      | Found a runed translucent gate.
  2804 | D:3      | Found a runed translucent gate.
  2804 | D:3      | Noticed rayg00n's ghost (weakling AtRe)
  2806 | D:3      | Noticed a kobold brigand
  3064 | D:3      | Slain by rayg00n's ghost

Illustrated notes

Levels and vault maps discovered:
D:1:      nicolae_arrival_kraken_aquarium_b, layout_basic,
          shapermc_ecumenical_altar_flowoftime
D:2:      layout_loops_ring, serial_glass, glass_columns_b, glass_columns_b,
          minmay_misc_feat_alley, uniq_terence
D:3:      layout_loops_corners, gammafunk_ghost_nasty_kobolds

Skill      XL: |  1  2  3  4 |
---------------+-------------+-----
Fighting       | 1 |  1.3
Conjurations   | 2 |  2.4
Fire Magic     | 4 |  4.1
Spellcasting   | 4 |  4.1
Short Blades   | |  0.3
Dodging        | |  2.4
Stealth        | |  2.4

Action                   |  1- 3 |  4- 6 || total
-------------------------+-------+-------++-------
Melee: Dagger            |    18 |       ||    18
       Short sword       |     5 |     2 ||     7
       Punch             |     2 |       ||     2
 Cast: Foxfire           |    48 |    23 ||    71
       Scorch            |     7 |     2 ||     9
  Use: Scroll            |     2 |     4 ||     6
       Potion            |       |     1 ||     1
Armor: Robe              |     2 |     2 ||     4
Dodge: Dodged            |    14 |    10 ||    24

Table legend: (Time is in decaauts)
 A = Elapsed time spent in this place.
 B = Non-inter-level travel time spent in this place.
 C = Inter-level travel time spent in this place.
 D = Time resting spent in this place.
 E = Time spent auto-exploring this place.
 F = Levels seen in this place.
 G = Mean time per level.
                   A        B        C        D        E       F      G
               +--------+--------+--------+--------+--------+-----+--------+
         Total |   3061 |   2988 |     73 |    169 |   2451 |   3 | 1020.3 |
       Dungeon |   3061 |   2988 |     73 |    169 |   2451 |   3 | 1020.3 |
               +--------+--------+--------+--------+--------+-----+--------+

Top non-repeatable levels by time:
     D:3: 1160 daAuts
     D:1: 968 daAuts
     D:2: 932 daAuts
